 Dungeon Crawl Stone Soup version 0.30.0-29-ga12c61a403 (webtiles) character file.

Game seed: 3974514695935745821

1 Dadbod the Vexing (level 1, 0/16 HPs)
             Began as a Ghoul Hexslinger on June 24, 2023.
             Slain by a rat (1 damage)
             ... on level 1 of the Dungeon.
             The game lasted 00:02:09 (18 turns).

Dadbod the Vexing (Ghoul Hexslinger)                  Turns: 18, Time: 00:02:09

Health: 0/16       AC:  2    Str: 13    XL:     1   Next: 20%
Magic:  1/1        EV: 12    Int:  8    God:
Gold:   0          SH:  0    Dex:  9    Spells: 1/2 levels left

rFire   . . .        (no weapon)
rCold   + . .        (no shield)
rNeg    + + +        c - +0 robe
rPois   ∞            (no helmet)
rElec   .            (no cloak)
rCorr   .            (no gloves)
SInv    .            (no boots)
Will    .....        (no amulet)
Stlth   +            (no ring)
HPRegen 0.00/turn    (no ring)
MPRegen 0.07/turn

%: no passive effects
@: inhibited regen
A: claws 1, cold resistance 1, negative energy resistance 3, inhibited
regeneration, torment resistance 2, devour on kill
a: no special abilities


You were on level 1 of the Dungeon.
You visited 1 branch of the dungeon, and saw 1 of its levels.

Inventory:

Armour
 c - a +0 robe (worn)
Scrolls
 b - a scroll of poison
Potions
 d - a potion of lignification {unknown}


   Skills:
 * Level 1.1 Fighting
 - Level 1.7 Ranged Weapons
 * Level 1.7 Dodging
 * Level 0.4 Unarmed Combat
 + Level 1.0 Spellcasting
 + Level 2.4 Hexes


You had one spell level left.
You knew the following spells:

 Your Spells              Type           Power      Damage    Failure   Level
a - Slow                  Hex            16%        N/A       16%         1

Your spell library contained the following spells:

 Spells                   Type           Power      Damage    Failure   Level
 Inner Flame              Hex/Fire       2%         N/A       58%         3
 Portal Projectile        Hex/Tloc       4%         N/A       58%         3
 Cause Fear               Hex            2%         N/A       83%         4


Dungeon Overview and Level Annotations

Branches:
Dungeon (1/15)

Altars:


Innate Abilities, Weirdness & Mutations

You are immune to poison.
You have sharp fingernails.
Your flesh is cold resistant. (rC+)
You are immune to negative energy. (rN+++)
You do not regenerate when monsters are visible.
You are immune to unholy pain and torment.
You thrive by killing the living.


Message History

Unknown command.
You're too inexperienced to learn that spell!
Unknown command.
Okay, then.
Unknown command.
Unknown command.
Found 7 stones.
You are now empty-clawed.
You drop a +1 sling.
A hobgoblin comes into view.
A rat comes into view.
The rat moves out of view.
The hobgoblin hits you.
You barely miss the hobgoblin.
The hobgoblin hits you but does no damage.
You scratch the hobgoblin but do no damage.
The hobgoblin hits you. The rat misses you.
You scratch the hobgoblin.
The hobgoblin is lightly wounded.
The hobgoblin hits you. The rat bites you.
* * * LOW HITPOINT WARNING * * *
You scratch the hobgoblin but do no damage.
The hobgoblin is lightly wounded.
The hobgoblin barely misses you. The rat closely misses you.
You barely miss the hobgoblin.
The hobgoblin is lightly wounded.
The hobgoblin closely misses you. The rat bites you but does no damage.
You scratch the hobgoblin.
The hobgoblin is severely wounded.
The hobgoblin misses you. The rat misses you.
You barely miss the hobgoblin.
The hobgoblin is severely wounded.
The hobgoblin barely misses you. The rat bites you.
* * * LOW HITPOINT WARNING * * *
You scratch the hobgoblin.
You kill the hobgoblin!
The rat bites you.
* * * LOW HITPOINT WARNING * * *
You barely miss the rat. The rat closely misses you.
You barely miss the rat. The rat bites you.
You die...

#.. .... ##..# . .#
#........#...# ..
#..#..#...#.. ..#...
#....$.#..#..#.. ..#.
#.......#..#.#.#..#..
#....#(..#.#.#.#.#...
#....r##..#.#.#.#..
#....†@.##)#...#.# .
#...(.....#.....#....
#...######...<...#
#.. ....#.....#....
#. ...##.#...#.# .. #
..# ..#.#.#.#.. .
...#.#.#.#.#... ..#..
. .#..#.. .#.. . ..
.. .


You could see a rat.

Vanquished Creatures
  A hobgoblin (D:1)
1 creature vanquished.

Notes
Turn   | Place    | Note
-------+----------+-------------------------------------------
     0 | D:1      | Dadbod the Ghoul Hexslinger began the quest for the Orb.
     0 | D:1      | Reached XP level 1. HP: 16/16 MP: 1/1
    18 | D:1      | Slain by a rat

Illustrated notes

Levels and vault maps discovered:
D:1:      minmay_arrival_radiant_lines, layout_basic, basic_ecumenical_altar

Action                     || total
---------------------------++-------
  Melee: Unarmed           ||    10
 Armour: Robe              ||     2
  Dodge: Dodged            ||     8
